cohdb
Replays
Latest Replays
All Replays
Popular Replays
Top Player Replays
Match Explorer
How It Works
Community
CoH3 Stats
Reddit
Sign in to upload your games and track your stats! →
Sign in with Steam
Match 45773610
Unlisted
Match 45773610
Overview
Messages
Build Orders
End
Construct Weapon Support Center
Sniper
Sniper
Selects Armored Battlegroup
Bazooka Squad
Construct Medical Station
Improved M9 Bazooka Rockets
Sniper
Selects Fast Deploy
Sniper
Bazooka Squad
Engineer Squad
Air Support Center
Selects M8 Scott SPG
Double Sortie
Air Supply
Grasshopper Recon Run
M8 Scott SPG
M8 Scott SPG
Grasshopper Recon Run
P-47 Dive Bomb
P-47 Strafing Run
M8 Scott SPG
Grasshopper Recon Run
Selects Veteran Crews
Selects M31 Recovery Vehicle
M31 Recovery Vehicle
P-47 Strafing Run
Grasshopper Recon Run
Selects UNKNOWN (2160077)
P-47 Dive Bomb
P-47 Strafing Run
Advanced Air Reconnaissance
Grasshopper High-Altitude Recon Run
P-47 Dive Bomb
P-47 Strafing Run
Construct Tank Depot
Bazooka Squad
Bazooka Squad
Grasshopper High-Altitude Recon Run
P-47 Dive Bomb
P-47 Strafing Run
M4A3E8 Sherman Easy Eight
Grasshopper High-Altitude Recon Run
Bazooka Squad
P-47 Strafing Run
P-47 Dive Bomb
P-47 Strafing Run
M4A3E8 Sherman Easy Eight
M4A3E8 Sherman Easy Eight
Cameleon Casquer
MeeeSHuGgaHH
Adult Asthma Is A Choice
Ismachu
Rush
ReverseAverage
0
0
Comments
sign in to comment!
No comments posted yet!